 Dungeon Crawl Stone Soup version 0.31-a0-177-g4aa6249778 (webtiles) character file.

Game seed: 8717885312780913505

205 qw the Chopper (level 5, -1/33 HPs)
             Began as a Gargoyle Fighter on June 18, 2023.
             Slain by an orc wizard
             ... wielding a +1 dagger of pain
              (3 damage)
             ... on level 4 of the Dungeon.
             The game lasted 00:01:35 (3000 turns).

qw the Chopper (Gargoyle Fighter)                   Turns: 3000, Time: 00:01:36

Health: -1/33      AC: 18    Str: 21    XL:     5   Next: 83%
Magic:  5/5        EV:  7    Int:  9    God:
Gold:   86         SH:  4    Dex:  9    Spells: 4/4 levels left

rFire   . . .        Y - +0 war axe
rCold   . . .        c - +0 buckler
rNeg    + . .        k - +0 chain mail
rPois   inf          (no helmet)
rElec   +            (no cloak)
rCorr   .            m - +0 pair of gloves
SInv    .            (no boots)
Will    .....        (no amulet) Stlth
                     g - +4 ring of protection
HPRegen 0.25/turn    (no ring)
MPRegen 0.09/turn

%: no passive effects
@: no status effects
A: sickness immunity, AC +4, negative energy resistance 1, electricity
resistance, torment resistance 1, petrification resistance
a: no special abilities


You were on level 4 of the Dungeon.
You visited 1 branch of the dungeon, and saw 4 of its levels.

You collected 182 gold pieces.
You spent 96 gold pieces at shops.


Innate Abilities, Weirdness & Mutations

You are immune to sickness and miasma.
Your stone body is resilient. (AC +4)
You are immune to poison.
You resist negative energy. (rN+)
You are resistant to electric shocks. (rElec)
You are resistant to unholy torment.
You are immune to petrification.


   Skills:
 - Level 4.0 Fighting
 + Level 5.0 Axes
 - Level 3.2 Armour
 - Level 3.2 Shields


You had 4 spell levels left.
You didn't know any spells.
Your spell library was empty.

Inventory:

Hand Weapons
 l - a +0 flail
 Y - a +0 war axe (weapon)
Armour
 c - a +0 buckler (worn)
 k - a +0 chain mail (worn)
 m - a +0 pair of gloves (worn)
Jewellery
 g - a +4 ring of protection (left hand)
Scrolls
 b - 3 scrolls of teleportation
 f - 5 scrolls of identify
Potions
 a - a potion of attraction {unknown}
 d - a potion of might
 e - 3 potions of mutation {unknown}
 h - 2 potions of curing {unknown}
 j - a potion of lignification

Dungeon Overview and Level Annotations

Branches:
Dungeon (4/15)
 Temple: D:4-7

Altars:
Kikubaaqudgha

Shops:
D:4 =(=?


Message History

The orc wizard gestures at you while chanting.
You resist with some effort.
An orc priest comes into view. It is wielding a +0 falchion.
The orc wizard points at you and mumbles some strange words.
The puff of flame hits you.
The orc wizard hits you but does no damage.
An orc comes into view. It is wielding a +0 dagger. x2
You feel less confused.
The orc shouts! x2
The orc wizard hits you but does no damage.
You barely miss the orc wizard.
The orc wizard casts a spell.
The orc wizard flickers and vanishes!
Deactivating autopickup; reactivate with Ctrl-A.
You completely miss something.
The orc priest casts a cantrip, but nothing happens.
Something hits you but does no damage. The orc hits you with a +0 dagger.
Something hits you but does no damage.
You slash the orc!
You kill the orc!
You closely miss something.
Your Fighting skill increases to level 4!
The kobold shouts!
The orc priest invokes the aid of Beogh against you.
Beogh smites you! Something hits you.
You closely miss the orc priest. You hit the orc. You miss something.
The orc hits you but does no damage. The orc priest barely misses you.
Something hits you but does no damage.
You barely miss the orc.
The orc is severely wounded.
You miss something. You closely miss the orc priest.
The orc hits you but does no damage.
The orc priest hits you but does no damage.
Something hits you.
You writhe in agony.
You slash the orc!
You kill the orc!
You hit something. You slash the orc priest!
The orc priest invokes the aid of Beogh against you.
Beogh smites you! Something hits you.
You die...

## #. ....\.. ..######## #.
#...... #.#....... #. .......
#.#.###### ?. ....... #.#.#
#. K....K.. #.#.## #!
#.#...... #.#..#
#.#)#.#....)########...\#####
#.o###>....o@..........%.....
###.#.###.._){..........#####
######...## ############....#
..........# #.#.##
######.).## #.#.# ##..# #.#.#
#..# #.#.# #..# #.#.######
#..# #.........


You could see an orc priest and a kobold.

Vanquished Creatures
  A jelly (D:4)
  8 gnolls
  2 adders (D:4)
  2 dart slugs
  5 orcs
  9 ball pythons
  5 endoplasms
  8 giant cockroaches
  4 goblins
  5 hobgoblins
  5 jackals
  4 kobolds
  2 quokkas
  6 bats
  4 frilled lizards
  4 rats
74 creatures vanquished.

Notes
Turn   | Place    | Note
-------+----------+-------------------------------------------
     0 | D:1      | qw the Gargoyle Fighter began the quest for the Orb.
     0 | D:1      | Reached XP level 1. HP: 14/14 MP: 1/1
     0 | D:1      | 0 ||| qw: Version: 0.3-a-5-g6f28e65
     0 | D:1      | 0 ||| qw: Game counter: 635
     0 | D:1      | 0 ||| qw: Always use a shield: true
     0 | D:1      | 0 ||| qw: God list: Okawaru
     0 | D:1      | 0 ||| qw: Allow faded altars: false
     0 | D:1      | 0 ||| qw: Do Orc after D:15 true
     0 | D:1      | 0 ||| qw: Do second Lair branch before Depths: true
     0 | D:1      | 0 ||| qw: Lair rune preference: random
     0 | D:1      | 0 ||| qw: Plans: Normal, Zot:1-4, Slime:5, God:TSO, Crypt,
                  | Tomb, Abyss, Pan, Hells, Win
     0 | D:1      | 0 ||| PLANNING D:1-11
    40 | D:1      | Reached skill level 2 in Axes
   105 | D:1      | Reached XP level 2. HP: 19/19 MP: 2/2
   683 | D:1      | Reached skill level 3 in Axes
   817 | D:1      | 817 ||| UPGRADING to +0 chain mail.
   827 | D:1      | 827 ||| DROPPING +0 scale mail.
   828 | D:1      | 828 ||| UPGRADING to +4 ring of protection.
   829 | D:1      | 829 ||| READING scroll labelled QILUFIERA.
   830 | D:1      | 830 ||| READING 2 scrolls labelled WIOLYTHU KOBA.
   831 | D:1      | 831 ||| READING scroll labelled LYFUASOIMU.
   834 | D:1      | 834 ||| DROPPING scroll of revelation.
   853 | D:2      | 853 ||| STAIRDANCE
   861 | D:1      | Reached XP level 3. HP: 23/23 MP: 3/3
  1016 | D:2      | 1016 ||| Stepping ~*~*~tactically~*~*~ (hiding).
  1027 | D:2      | Reached XP level 4. HP: 19/28 MP: 4/4
  1066 | D:2      | 1066 ||| DROPPING +0 club.
  1075 | D:2      | 1075 ||| Stepping ~*~*~tactically~*~*~ (stealth).
  1077 | D:2      | 1077 ||| Stepping ~*~*~tactically~*~*~ (stealth).
  1141 | D:2      | Reached skill level 4 in Axes
  1381 | D:2      | Found a faded altar of an unknown god.
  1392 | D:2      | 1392 ||| Stepping ~*~*~tactically~*~*~ (stealth).
  1496 | D:2      | 1496 ||| READING scroll labelled LISTIKACLO.
  1497 | D:2      | 1497 ||| READING scroll labelled LOABITZ WOGRA.
  1498 | D:2      | 1498 ||| READING scroll labelled MOSHROSCHOEST.
  1729 | D:3      | 1729 ||| Stepping ~*~*~tactically~*~*~ (hiding).
  2226 | D:3      | 2226 ||| UPGRADING to +0 pair of gloves.
  2231 | D:3      | 2231 ||| READING scroll labelled XAEPNOI TACO.
  2232 | D:3      | 2232 ||| READING 2 scrolls labelled BAOROD MUOFECU.
  2233 | D:3      | 2233 ||| DRINKING 2 fizzy golden potions.
  2338 | D:3      | 2338 ||| DRINKING 2 black potions.
  2369 | D:3      | 2369 ||| DROPPING potion of berserk rage.
  2440 | D:4      | Reached XP level 5. HP: 27/32 MP: 5/5
  2506 | D:4      | 2506 ||| Stepping ~*~*~tactically~*~*~ (hiding).
  2510 | D:4      | 2510 ||| Stepping ~*~*~tactically~*~*~ (hiding).
  2527 | D:4      | Found Vuahuzxe's Jewellery Shoppe.
  2530 | D:4      | 2530 ||| Stepping ~*~*~tactically~*~*~ (stealth).
  2548 | D:4      | HP: 8/32 [something (4)]
  2551 | D:4      | 2551 ||| READING 2 scrolls of teleportation.
  2650 | D:4      | Found Jiaskim's Jewellery Shoppe.
  2660 | D:4      | 2660 ||| SHOPLISTING +5 ring of evasion (396 gold, have
                  | 145).
  2660 | D:4      | 2660 ||| SHOPLISTING +6 ring of dexterity (396 gold, have
                  | 145).
  2660 | D:4      | 2660 ||| SHOPLISTING +6 ring of strength (396 gold, have
                  | 145).
  2660 | D:4      | 2660 ||| SHOPLISTING ring "Aluskip" {rC+ Will+ Dex+5} (544
                  | gold, have 145).
  2660 | D:4      | 2660 ||| SHOPLISTING ring "Qazuegh" {rPois rF- rC++ Dex+4
                  | SInv} (496 gold, have 145).
  2660 | D:4      | 2660 ||| SHOPLISTING ring of fire (275 gold, have 145).
  2660 | D:4      | 2660 ||| SHOPLISTING ring of resist corrosion (220 gold,
                  | have 145).
  2660 | D:4      | 2660 ||| SHOPLISTING ring of see invisible (165 gold, have
                  | 145).
  2660 | D:4      | 2660 ||| SHOPLISTING ring of the Heavens {Ice rElec Str+9
                  | Int-2 Stlth+} (621 gold, have 145).
  2728 | D:4      | Found Alaogo Teag's Magic Scroll Emporium.
  2736 | D:4      | 2736 ||| BUYING scroll of identify (22 gold).
  2736 | D:4      | Bought a scroll of identify for 22 gold pieces
  2736 | D:4      | 2736 ||| BUYING scroll of identify (22 gold).
  2736 | D:4      | Bought a scroll of identify for 22 gold pieces
  2736 | D:4      | 2736 ||| BUYING scroll of identify (22 gold).
  2736 | D:4      | Bought a scroll of identify for 22 gold pieces
  2756 | D:4      | Found Wiysexza's Weapon Boutique.
  2763 | D:4      | Reached skill level 5 in Axes
  2879 | D:4      | 2879 ||| BUYING +0 mace (30 gold).
  2879 | D:4      | Bought a +0 mace for 30 gold pieces
  2879 | D:4      | 2879 ||| DROPPING +0 whip.
  2934 | D:4      | 2934 ||| DROPPING +0 mace.
  2965 | D:4      | Found an ancient bone altar of Kikubaaqudgha.
  2979 | D:4      | 2979 ||| Stepping ~*~*~tactically~*~*~ (stealth).
  3000 | D:4      | HP: 2/33 [orc priest/divine providence (10)]
  3000 | D:4      | Slain by an orc wizard

Levels and vault maps discovered:
D:1:      lightli_arrival_farm, layout_basic, minmay_worlds_worst_comb
D:2:      layout_rooms, serial_corexii_hall, corexii_hall_statues_deadend,
          corexii_hall_statues_i, corexii_hall_statues_i,
          corexii_hall_statues_i, ebering_ecumenical_altar_petrified
D:3:      layout_basic, hangedman_decor_opposing, serial_bayou_pond_d
D:4:      layout_loops_ring, overflow_temple_1_default,
          mainiacjoe_overflow_paths, serial_shops, shop,
          nicolae_shop_hallway_stairs, shop, shop

Skill      XL: |  1  2  3  4  5 |
---------------+----------------+-----
Axes           | 2 3 4 5 |  5.0
Fighting       | 4 |  4.0
Armour         | |  3.2
Shields        | |  3.2

Action                     |  1- 3 |  4- 6 || total
---------------------------+-------+-------++-------
  Melee: War axe           |    97 |   155 ||   252
    Use: Scroll            |     3 |     6 ||     9
         Potion            |       |     2 ||     2
 Armour: Scale mail        |    40 |       ||    40
         Chain mail        |    20 |   117 ||   137
  Dodge: Dodged            |    42 |    44 ||    86
  Block: Buckler           |    20 |    25 ||    45

Table legend:
 A = Non-vault XP
 B = Vault XP
 C = Vault XP percentage of total XP
 D = Non-vault monster count
 E = Vault monster count
 F = Vault count percentage of total count
                 A         B        C        D         E       F
            +---------+---------+-------+---------+---------+-------
      Total |     287 |      10 |   3.4 |      69 |       5 |   6.8
            +---------+---------+-------+---------+---------+-------
        D:1 |      24 |      10 |  29.4 |      15 |       5 |  25.0
        D:2 |      73 |       0 |   0.0 |      16 |       0 |   0.0
        D:3 |      39 |       0 |   0.0 |      21 |       0 |   0.0
        D:4 |     151 |       0 |   0.0 |      17 |       0 |   0.0
            +---------+---------+-------+---------+---------+-------
